 Dungeon Crawl Stone Soup version 0.31-a0-716-gc7603755dd (webtiles) character file.

Game seed: 12661801576486306329

193 Xavori the Cutter (level 5, -9/36 HPs)
             Began as an Octopode Chaos Knight on Sept 11, 2023.
             Was a Plaything of Xom.
             Mangled by Duvessa
             ... wielding a +1 vampiric short sword
              (14 damage)
             ... on level 4 of the Dungeon.
             The game lasted 00:02:51 (11012 turns).

Xavori the Cutter (Octopode Chaos Knight)          Turns: 11012, Time: 00:02:51

Health: -9/36      AC:  1    Str: 16    XL:     5   Next: 72%
Magic:  5/5        EV: 14    Int: 12    God:    Xom [....*.]
Gold:   138        SH:  0    Dex: 13    Spells: 4/4 levels left

rFire   . . .        a - +0 short sword (chaos)
rCold   . . .        (no shield)
rNeg    . . .        (helmet restricted)
rPois   +            (no amulet)
rElec   .            l - +6 ring of strength
rCorr   .            (no ring)
SInv    .            (no ring)
Will    .....        (no ring)
Stlth   +++          (no ring)
HPRegen 0.26/turn    (no ring)
MPRegen 0.09/turn    (no ring)
                     (no ring)

%: no passive effects
@: no status effects
A: almost no armour, amphibious, 8 rings, camouflage 1, gelatinous body 1,
(nimble swimmer 1), tentacles, dopey 1, poison resistance, weak 1, subdued magic
1, inability to read after injury 1
a: Renounce Religion


You were on level 4 of the Dungeon.
You worshipped Xom.
You were a beloved toy of Xom.
You visited 1 branch of the dungeon, and saw 4 of its levels.

You collected 138 gold pieces.

Inventory:

Hand Weapons
 a - a +0 short sword of chaos (weapon)
Jewellery
 l - a +6 ring of strength (left tentacle)
 m - a ring of ice
Wands
 k - a wand of iceblast (6)
Scrolls
 b - a scroll of butterflies
 d - 3 scrolls of teleportation {unknown}
 f - 3 scrolls of amnesia {unknown}
 g - 5 scrolls of identify {unknown}
 i - a scroll of silence {unknown}
 j - a scroll of revelation {unknown}
Potions
 c - 3 potions of curing {unknown}
 e - 2 potions of heal wounds {unknown}


   Skills:
 + Level 3.5 Fighting
 + Level 4.3 Short Blades
 + Level 3.3 Dodging
 + Level 4.0 Stealth
 * Level 0.6 Evocations


You had 4 spell levels left.
You didn't know any spells.
Your spell library contained the following spells:

 Spells                   Type           Power      Damage    Failure   Level
 Kiss of Death            Conj/Necr      0%         2d5       28%         1
 Passwall                 Tmut/Erth      0%         N/A       41%         2
 Confusing Touch          Hex            0%         N/A       65%         3
 Inner Flame              Hex/Fire       0%         N/A       65%         3
 Dispel Undead            Necr           0%         3d6       96%         4
 Borgnjor's Vile Clutch   Necr/Erth      0%         N/A       100%        5
 Lee's Rapid Deconstruct  Erth           0%         3d4*      100%        5
 Animate Armour           Summ/Erth      Unusable   N/A       N/A         4

Dungeon Overview and Level Annotations

Branches:
Dungeon (4/15)
 Temple: D:4-7

Altars:
Xom

Shops:
D:1 (

Annotations:
D:4 Duvessa


Innate Abilities, Weirdness & Mutations

You cannot wear most types of armour.
You are amphibious.
You can wear up to eight rings at the same time.
Your skin changes colour to match your surroundings (Stealth+).
Your rubbery body absorbs attacks. (AC +1, EV +1)
((You are camouflaged when in or above water. (Stealth+)))
You have tentacles for arms and can constrict up to eight enemies at once.
You are dopey. (Int -2)
Your system is resistant to poisons. (rPois)
You are weak. (Str -2)
Your spells are a little easier to cast, but a little less powerful.
You occasionally lose the ability to read scrolls when taking damage.


Message History

Dowan is moderately wounded.
You constrict Dowan.
Dowan struggles to escape constriction.
You hit Dowan but do no damage.
Dowan is moderately wounded.
You constrict Dowan.
Dowan hits you with a +1 dagger of venom.
You hit Dowan but do no damage.
Dowan goes berserk!
Dowan is heavily wounded.
You constrict Dowan. Dowan closely misses you.
You barely miss Dowan.
Dowan is heavily wounded.
You constrict Dowan. Dowan barely misses you.
You hit Dowan but do no damage. You squeeze Dowan!
Dowan is almost dead.
You constrict Dowan.
Dowan hits you with a +1 dagger of venom.
The hobgoblin hits you.
You barely miss Dowan. You squeeze Dowan.
Dowan is almost dead.
You constrict Dowan.
You kill Dowan!
Duvessa screams in rage.
Duvessa goes berserk!
The hobgoblin barely misses you.
Your Stealth skill increases to level 4!
You hit Duvessa. You grab Duvessa.
Duvessa is lightly wounded.
You constrict Duvessa.
Duvessa hits you with a +1 vampiric short sword!
* * * LOW HITPOINT WARNING * * *
A shower of butterflies erupts from you!
Duvessa draws strength from your wounds!
The hobgoblin hits you.
* * * LOW HITPOINT WARNING * * *
Duvessa closely misses you.
Okay, then.
As you read the scroll labelled XAICUIKHLYCW, it dissolves into smoke.
It was a scroll of fog.
You constrict Duvessa.
Duvessa hits you with a +1 vampiric short sword!
You die...
Xom titters!

... ##.. # ## #...
.## #.### .!# ..#
#.... ..#..)#
.....##§#.#........


You could see Duvessa (berserk, ally target) and a hobgoblin.

Vanquished Creatures
  Dowan (D:4)
  Robin (D:2)
  6 adders
  A dart slug (D:2)
  3 bats
  6 endoplasms
  2 giant cockroaches
  8 goblins
  19 hobgoblins
  5 jackals (D:2)
  3 quokkas
  10 ball pythons
  3 frilled lizards
  3 kobolds
  5 rats
76 creatures vanquished.

Vanquished Creatures (collateral kills)
  A frilled lizard (D:2)
1 creature vanquished.

Grand Total: 77 creatures vanquished

Notes
Turn   | Place    | Note
-------+----------+-------------------------------------------
     0 | D:1      | Xavori the Octopode Chaos Knight began the quest for the
                  | Orb.
     0 | D:1      | Reached XP level 1. HP: 16/16 MP: 1/1
    78 | D:1      | Reached XP level 2. HP: 18/21 MP: 2/2
   105 | D:1      | Found Byal's Weapon Emporium.
   258 | D:1      | XOM: silly message
   403 | D:1      | Reached XP level 3. HP: 23/26 MP: 3/3
   621 | D:1      | Reached skill level 1 in Stealth
   810 | D:1      | XOM: summons 2 hostile shadow creatures
  1151 | D:1      | XOM: give mutations
  1151 | D:1      | Gained mutation: You are weak. (Str -2) [Xom's mischief]
  1151 | D:1      | Gained mutation: You are clumsy. (Dex -2) [Xom's mischief]
  2001 | D:1      | XOM: noise
  2692 | D:1      | XOM: god gift: 19 gold pieces
  3492 | D:1      | XOM: scenery: create altars
  3915 | D:1      | XOM: 3-stop teleportation journey
  3951 | D:2      | XOM: enchant monster (good)
  4053 | D:1      | XOM is BORED!
  4053 | D:1      | XOM: torment (14/26 hp)
  4610 | D:1      | XOM: scenery: create altars
  4854 | D:1      | XOM: cloud trail
  5004 | D:1      | XOM: scenery: summon butterflies
  5745 | D:1      | XOM: scenery: summon butterflies
  5803 | D:1      | XOM: give mutations
  5803 | D:1      | Gained mutation: Your magical capacity is low. (-10% MP)
                  | [Xom's mischief]
  5803 | D:1      | Gained mutation: Your spells are a little easier to cast,
                  | but a little less powerful. [Xom's mischief]
  5803 | D:1      | Lost mutation: Your magical capacity is low. (-10% MP)
                  | [Xom's mischief]
  5803 | D:1      | Gained mutation: You are very clumsy. (Dex -4) [Xom's
                  | mischief]
  6247 | D:1      | XOM: give mutations
  6247 | D:1      | Lost mutation: You are very clumsy. (Dex -4) [Xom's
                  | mischief]
  6247 | D:1      | Gained mutation: You occasionally lose the ability to read
                  | scrolls when taking damage. [Xom's mischief]
  6247 | D:1      | Lost mutation: You are clumsy. (Dex -2) [Xom's mischief]
  6247 | D:1      | Gained mutation: You are dopey. (Int -2) [Xom's mischief]
  6255 | D:1      | XOM: draining
  6787 | D:1      | XOM: god gift: 29 gold pieces
  7075 | D:1      | XOM: divination: detect creatures
  7118 | D:1      | XOM: god gift: book of Touch
  7262 | D:1      | XOM: give mutation
  7262 | D:1      | Gained mutation: Your system is resistant to poisons.
                  | (rPois) [Xom's grace]
  8089 | D:1      | XOM: summons 2 hostile demons
  8328 | D:1      | XOM: god gift: mace {god gift}
  8485 | D:1      | XOM is BORED!
  9381 | D:1      | XOM: silly message
  9623 | D:2      | Reached XP level 4. HP: 21/29 MP: 4/4
  9976 | D:2      | XOM: 1-stop teleportation journey
  9981 | D:2      | Noticed Robin
  9988 | D:2      | XOM: scenery: create altars
 10002 | D:2      | Killed Robin
 10006 | D:2      | Reached XP level 5. HP: 19/36 MP: 5/5
 10208 | D:2      | Got the Vademecum on Grounded Hexes
 10661 | D:3      | XOM: scenery: create altars
 10999 | D:4      | Noticed Dowan
 11000 | D:4      | Noticed Duvessa
 11010 | D:4      | Killed Dowan
 11011 | D:4      | XOM: butterfly on damage
 11012 | D:4      | Mangled by Duvessa

Illustrated notes

Levels and vault maps discovered:
D:1:      minmay_arrival_plants_in_alcoves, layout_basic, serial_shops, shop
D:2:      layout_loops_cross, uniq_robin
D:3:      layout_basic
D:4:      layout_cave_pools, uniq_duvessa

Skill      XL: |  1  2  3  4  5 |
---------------+----------------+-----
Stealth        | 2 3 4 |  4.0
Dodging        | 3 |  3.3
Short Blades   | 4 |  4.3
Fighting       | |  3.5
Evocations     | |  0.6

Action                     |  1- 3 |  4- 6 || total
---------------------------+-------+-------++-------
  Melee: Short sword       |    75 |    86 ||   161
         Constrict         |    20 |    21 ||    41
         Tentacles         |    18 |    18 ||    36
         Punch             |     2 |       ||     2
    Use: Scroll            |       |     1 ||     1
   Stab: Sleeping          |     8 |     3 ||    11
 Armour: Skin              |    25 |    40 ||    65
  Dodge: Dodged            |    42 |    53 ||    95

Table legend: (Time is in decaauts)
 A = Elapsed time spent in this place.
 B = Non-inter-level travel time spent in this place.
 C = Inter-level travel time spent in this place.
 D = Time resting spent in this place.
 E = Time spent auto-exploring this place.
 F = Levels seen in this place.
 G = Mean time per level.
                   A        B        C        D        E       F      G
               +--------+--------+--------+--------+--------+-----+--------+
         Total |  10984 |  10899 |     85 |   8851 |   1658 |   4 | 2746.0 |
       Dungeon |  10984 |  10899 |     85 |   8851 |   1658 |   4 | 2746.0 |
               +--------+--------+--------+--------+--------+-----+--------+

Top non-repeatable levels by time:
     D:1: 9114 daAuts
     D:2: 1244 daAuts
     D:3: 593 daAuts
     D:4: 31 daAuts
